 Dungeon Crawl Stone Soup version 0.29.1-15-g9cfb28693d (webtiles) character file.

Game seed: 5041313758707968973

6520 Heoruswealwe the Geomancer (level 10, -6/50 HPs)
             Began as a Deep Elf Earth Elementalist on Mar 17, 2023.
             Was a Follower of Vehumet.
             Mangled by a two-headed ogre
             ... wielding a +0 giant club
              (7 damage)
             ... on level 10 of the Dungeon on Mar 18, 2023.
             The game lasted 02:11:26 (9094 turns).

Heoruswealwe the Geomancer (DEEE)                   Turns: 9094, Time: 02:11:27

Health: -6/50      AC:  9    Str:  5    XL:     10   Next: 69%
Magic:  27/28      EV: 13    Int: 31    God:    Vehumet [*.....]
Gold:   184        SH:  0    Dex: 19    Spells: 15/29 levels left

rFire   . . .      SeeInvis .   a - +8 battleaxe "Tormentor" {flame, rPois rCorr Int+4}
rCold   . . .      Faith    .   (shield currently unavailable)
rNeg    . . .      Spirit   .   b - +1 robe of Ezaot {Will+ Int+2 Dex+4}
rPois   +          Reflect  .   d - +2 helmet
rElec   .          Harm     .   (no cloak)
rCorr   +          Rampage  .   (no gloves)
Will    ++...                   c - +0 pair of boots
Stlth   ++........              (no amulet)
HPRegen 0.16/turn               e - ring of flight
MPRegen 0.21/turn               (no ring)

@: mighty, brilliant, flying
A: iridescent scales 1, high MP 1
a: Renounce Religion


You were on level 10 of the Dungeon.
You worshipped Vehumet.
Vehumet was aware of your devotion.
You visited 2 branches of the dungeon, and saw 11 of its levels.
You also visited: Sewer.

You collected 548 gold pieces.
You spent 364 gold pieces at shops.

Inventory:

Hand Weapons
 a - the +8 battleaxe "Tormentor" (weapon) {flame, rPois rCorr Int+4}
   (You found it on level 5 of the Dungeon)

   It burns those it strikes, dealing additional fire damage.
   Big, fiery blades are also staple armaments of hydra-hunters.
   Int:       It affects your intelligence (+4).
   rPois:     It protects you from poison.
   rCorr:     It protects you from acid and corrosion.
Armour
 b - the +1 robe of Ezaot (worn) {Will+ Int+2 Dex+4}
   (You bought it in a shop on level 2 of the Dungeon)

   Int:       It affects your intelligence (+2).
   Dex:       It affects your dexterity (+4).
   Will:      It increases your willpower.
 c - a +0 pair of boots (worn)
 d - a +2 helmet (worn)
Magical Staves
 o - a staff of poison
 s - a staff of fire
Jewellery
 e - a ring of flight (left hand)
Wands
 f - a wand of paralysis (8)
 t - a wand of iceblast (16)
 u - a wand of flame (25)
Scrolls
 i - a scroll of brand weapon {unknown}
 k - a scroll of acquirement {unknown}
 m - a scroll of enchant armour
 p - 3 scrolls of amnesia {unknown}
 v - 10 scrolls of teleportation
 x - 3 scrolls of enchant weapon
 z - a scroll of fog
 A - a scroll of magic mapping {unknown}
Potions
 g - a potion of attraction {unknown}
 h - a potion of invisibility {unknown}
 j - a potion of berserk rage {unknown}
 l - 2 potions of haste {unknown}
 n - 2 potions of cancellation {unknown}
 q - 3 potions of might
 r - 2 potions of brilliance
 B - a potion of magic


   Skills:
 - Level 2.4 Dodging
 - Level 2.4 Stealth
 + Level 10.1 Spellcasting
 + Level 7.9 Conjurations
 + Level 8.0 Transmutations
 * Level 11.8 Earth Magic


You had 15 spell levels left.
You knew the following spells:

 Your Spells              Type           Power      Damage    Failure   Level
a - Sandblast             Erth           100%       2d20      1%          1
b - Passwall              Tmut/Erth      71%        N/A       1%          2
c - Stone Arrow           Conj/Erth      100%       3d13      1%          3
d - Petrify               Tmut/Erth      86%        N/A       1%          4
e - Leda's Liquefaction   Hex/Erth       34%        N/A       2%          4

Your spell library contained the following spells:

 Spells                   Type           Power      Damage    Failure   Level
 Searing Ray              Conj           100%       2d8       1%          2
 Ensorcelled Hibernation  Hex/Ice        46%        N/A       4%          2
 Call Canine Familiar     Summ           23%        N/A       10%         3
 Portal Projectile        Hex/Tloc       46%        N/A       10%         3
 Swiftness                Air            23%        N/A       10%         3


Dungeon Overview and Level Annotations

Branches:
Dungeon (10/15)            Temple (1/1) D:6            Lair (0/5) D:8
  Sewer (visited)
    Orc: D:9-12

Altars:
Ashenzari
Cheibriados
Dithmenos
Elyvilon
Fedhas
Gozag
Hepliaklqana
Kikubaaqudgha
Makhleb
Nemelex Xobeh
Okawaru
Qazlal
Ru
Sif Muna
Trog
Uskayaw
Vehumet
Wu Jian
Xom
Yredelemnul
Zin
The Shining One

Shops:
D:2 [   D:6 [*   D:7 *:


Innate Abilities, Weirdness & Mutations

You are partially covered in iridescent scales. (AC +2)
You have an increased reservoir of magic. (+10% MP)


Message History

You feel your power returning.
Your Spellcasting skill increases to level 10!
Your Transmutations skill increases to level 8!
Found 2 boomerangs.
You see here 2 boomerangs.
An orc wizard and an orc come into view.
The orc wizard is wielding a +1 dagger of venom.
A two-headed ogre and an orc come into view.
The orc shouts!
Casting: Sandblast (safe; 1% risk of failure)
Confirm with . or Enter, or press ? or * to list all spells.
You can't see any susceptible monsters within range! (Use Z to cast anyway.)
Casting: Sandblast (safe; 1% risk of failure)
Confirm with . or Enter, or press ? or * to list all spells.
Aiming: Sandblast (safe; 1% risk of failure)
Press: ? - help, Shift-Dir - straight line, f - two-headed ogre
Aim: a two-headed ogre, wielding a +0 giant club and a +0 dire flail (93% to hit)
The blast of sand hits the two-headed ogre!
The two-headed ogre is lightly wounded.
Casting: Sandblast (safe; 1% risk of failure)
Confirm with . or Enter, or press ? or * to list all spells.
Aiming: Sandblast (safe; 1% risk of failure)
Press: ? - help, Shift-Dir - straight line, f/p - two-headed ogre
Aim: a two-headed ogre, wielding a +0 giant club and a +0 dire flail (lightly wounded, 93% to hit)
The blast of sand hits the two-headed ogre.
The two-headed ogre is lightly wounded.
An orc comes into view. It is wielding a +0 dagger.
Okay, then.
It was a potion of might.
You feel very mighty all of a sudden.
The orc shouts!
You hear an angry buzzing noise. x2; You hear a shout!
A vampire mosquito comes into view.
The two-headed ogre hits you with a +0 giant club!
* * * LOW HITPOINT WARNING * * *
The two-headed ogre closely misses you.
The vampire mosquito moves out of view.
A vampire mosquito comes into view.
It was a potion of brilliance.
You feel clever all of a sudden.
The two-headed ogre hits you with a +0 giant club!
You die...

##.# ##..# #...#
#...# ###..##
##########...##
........##.#.#
.y########(.....#
...o.oO@.#..##.##
########.......######
###..........#
#.##..####.## #.##.##
#..### ###### ##...#
##... #... #.(.


You could see a two-headed ogre, a vampire mosquito and 2 orcs.

Vanquished Creatures
  Snorg (D:10)
  Grinder (Sewer)
  2 hornets (D:9)
  10 yaks (D:8)
  A steam dragon (D:9)
  4 vampire mosquitoes (D:8)
  2 water moccasins
  A sky beast (D:8)
  2 ice beasts
  An orc warrior (D:9)
  4 black bears
  An ogre (D:5)
  4 centaurs
  3 phantoms
  A kobold brigand (D:7)
  A necrophage (D:7)
  2 scorpions
  2 bullfrogs
  5 wights
  6 howler monkeys
  2 gnoll boudas (D:5)
  A hound (D:5)
  5 orc priests
  Jessica (D:2)
  2 iguanas
  5 orc wizards
  Robin (D:2)
  7 gnolls (D:5)
  5 adders
  2 shadow imps
  A white imp (D:6)
  5 ufetubi
  2 worms
  4 dart slugs
  22 orcs
  A bat zombie (Sewer)
  7 endoplasms
  8 giant cockroaches
  15 goblins
  10 hobgoblins
  32 kobolds
  5 quokkas
  5 ball pythons
  4 bats
  A frilled lizard (D:2)
  2 kobold zombies (Sewer)
  6 rats
215 creatures vanquished.

Vanquished Creatures (others)
  26 plants
26 creatures vanquished.

Grand Total: 241 creatures vanquished

Notes
Turn   | Place    | Note
-------+----------+-------------------------------------------
     0 | D:1      | Heoruswealwe the Deep Elf Earth Elementalist began the
                  | quest for the Orb.
     0 | D:1      | Reached XP level 1. HP: 10/10 MP: 6/6
   255 | D:1      | Reached XP level 2. HP: 15/15 MP: 5/8
   727 | D:2      | Reached skill level 1 in Conjurations
   759 | D:2      | Reached XP level 3. HP: 19/19 MP: 6/9
   760 | D:2      | Reached skill level 4 in Earth Magic
   811 | D:2      | Noticed Jessica
   813 | D:2      | Killed Jessica
   823 | D:2      | Reached XP level 4. HP: 24/24 MP: 7/11
   978 | D:2      | Found Raysmowk's Antique Armour Shoppe.
  1391 | D:2      | Noticed Robin
  1395 | D:2      | Killed Robin
  1633 | D:2      | Bought a creamy pearl robe for 125 gold pieces
  1633 | D:2      | Identified the +1 robe of Ezaot {Will+ Int+2 Dex+4} (You
                  | bought it in a shop on level 2 of the Dungeon)
  1662 | D:1      | Learned a level 2 spell: Passwall
  1666 | D:1      | Learned a level 3 spell: Stone Arrow
  1671 | D:1      | Learned a level 4 spell: Petrify
  1927 | D:3      | Found a shimmering blue altar of Sif Muna.
  2045 | D:3      | Found a glowing drain.
  2063 | Sewer    | Entered a sewer
  2088 | Sewer    | Reached XP level 5. HP: 28/28 MP: 3/13
  2155 | Sewer    | Found an ancient bone altar of Kikubaaqudgha.
  2178 | Sewer    | Reached skill level 5 in Earth Magic
  2180 | Sewer    | Noticed a phantom
  2192 | Sewer    | Killed a phantom
  2193 | Sewer    | Reached XP level 6. HP: 26/32 MP: 1/15
  2276 | Sewer    | Noticed Grinder
  2302 | Sewer    | Killed Grinder
  2303 | Sewer    | Reached skill level 5 in Spellcasting
  2303 | Sewer    | Reached skill level 6 in Earth Magic
  2303 | Sewer    | Reached XP level 7. HP: 15/36 MP: 3/17
  4139 | D:5      | Entered Level 5 of the Dungeon
  4285 | D:5      | Found a white marble altar of Elyvilon.
  4298 | D:5      | Reached skill level 7 in Earth Magic
  4301 | D:5      | Identified the +8 battleaxe "Tormentor" {flame, rPois rCorr
                  | Int+4}
  4404 | D:5      | Reached XP level 8. HP: 32/41 MP: 15/19
  4589 | D:5      | Reached skill level 5 in Transmutations
  4702 | D:5      | Reached skill level 8 in Earth Magic
  4765 | D:5      | Found a shadowy altar of Dithmenos.
  4768 | D:5      | Reached skill level 5 in Conjurations
  4936 | D:5      | Found an iron altar of Okawaru.
  4937 | D:5      | Found an ancient bone altar of Kikubaaqudgha.
  4938 | D:5      | Found a radiant altar of Vehumet.
  4938 | D:5      | Found a bloodstained altar of Trog.
  4939 | D:5      | Found a broken altar of Ashenzari.
  4940 | D:5      | Found a sparkling altar of Nemelex Xobeh.
  4943 | D:5      | Became a worshipper of Vehumet
  5169 | D:2      | Bought a bloodstained cloak for 209 gold pieces
  5169 | D:2      | Identified the +1 cloak of Curuosej {Harm rF+ Stlth-} (You
                  | bought it in a shop on level 2 of the Dungeon)
  5541 | D:6      | Reached XP level 9. HP: 45/45 MP: 20/22
  5581 | D:6      | Found a staircase to the Ecumenical Temple.
  5598 | D:6      | Reached skill level 9 in Earth Magic
  5636 | Temple   | Entered the Ecumenical Temple
  5830 | D:6      | Found Wyedghias's Antique Armour Shoppe.
  5855 | D:6      | Found a stormy altar of Qazlal.
  6048 | D:6      | Found Ovoum's General Store.
  6195 | D:7      | Identified the +3 spear of Capital Punishment {flame, rC-
                  | rN+ Dex+4}
  6770 | D:7      | Reached * piety under Vehumet
  6770 | D:7      | Offered knowledge of Shock by Vehumet.
  6944 | D:7      | Found a blossoming altar of Fedhas.
  6992 | D:7      | Found Giofyntacs's General Store.
  6997 | D:7      | Bought a scroll of identify for 30 gold pieces
  7191 | D:7      | Found Opies's Book Shop.
  7627 | D:8      | Learned a level 4 spell: Leda's Liquefaction
  7729 | D:8      | Reached skill level 10 in Earth Magic
  7830 | D:8      | Gained mutation: You are partially covered in large bone
                  | plates. (SH +4) [potion of mutation]
  7830 | D:8      | Lost mutation: You are partially covered in large bone
                  | plates. (SH +4) [potion of mutation]
  7830 | D:8      | Gained mutation: Your spells are a little easier to cast,
                  | but a little less powerful. [potion of mutation]
  7830 | D:8      | Gained mutation: You are partially covered in iridescent
                  | scales. (AC +2) [potion of mutation]
  7878 | D:8      | Lost mutation: Your spells are a little easier to cast, but
                  | a little less powerful. [potion of mutation]
  7878 | D:8      | Lost mutation: You are partially covered in iridescent
                  | scales. (AC +2) [potion of mutation]
  7878 | D:8      | Gained mutation: You are dopey. (Int -2) [potion of
                  | mutation]
  7878 | D:8      | Gained mutation: You have a pair of small horns on your
                  | head. [potion of mutation]
  7879 | D:8      | Lost mutation: You have a pair of small horns on your head.
                  | [potion of mutation]
  7879 | D:8      | Lost mutation: You are dopey. (Int -2) [potion of mutation]
  7879 | D:8      | Gained mutation: You are robust. (+10% HP) [potion of
                  | mutation]
  7880 | D:8      | Lost mutation: You are robust. (+10% HP) [potion of
                  | mutation]
  7880 | D:8      | Gained mutation: You have a somewhat thin skeletal
                  | structure. (Dex +2, Stealth+) [potion of mutation]
  7880 | D:8      | Gained mutation: Your mind is acute. (Int +4, Str/Dex -1)
                  | [potion of mutation]
  7881 | D:8      | Lost mutation: You have a somewhat thin skeletal structure.
                  | (Dex +2, Stealth+) [potion of mutation]
  7881 | D:8      | Lost mutation: Your mind is acute. (Int +4, Str/Dex -1)
                  | [potion of mutation]
  7881 | D:8      | Gained mutation: You expend magic power (3 MP) to
                  | strengthen your wands. [potion of mutation]
  7881 | D:8      | Gained mutation: Your mind is acute. (Int +4, Str/Dex -1)
                  | [potion of mutation]
  7881 | D:8      | Gained mutation: You have sharp fingernails. [potion of
                  | mutation]
  7882 | D:8      | Lost mutation: Your mind is acute. (Int +4, Str/Dex -1)
                  | [potion of mutation]
  7882 | D:8      | Lost mutation: You expend magic power (3 MP) to strengthen
                  | your wands. [potion of mutation]
  7882 | D:8      | Lost mutation: You have sharp fingernails. [potion of
                  | mutation]
  7882 | D:8      | Gained mutation: You occasionally shout uncontrollably at
                  | your foes. [potion of mutation]
  7882 | D:8      | Gained mutation: You are agile. (Dex +4, Str/Int -1)
                  | [potion of mutation]
  7883 | D:8      | Lost mutation: You occasionally shout uncontrollably at
                  | your foes. [potion of mutation]
  7883 | D:8      | Lost mutation: You are agile. (Dex +4, Str/Int -1) [potion
                  | of mutation]
  7883 | D:8      | Gained mutation: You have an increased reservoir of magic.
                  | (+10% MP) [potion of mutation]
  7883 | D:8      | Gained mutation: You are partially covered in iridescent
                  | scales. (AC +2) [potion of mutation]
  7973 | D:8      | Reached XP level 10. HP: 36/50 MP: 18/27
  7995 | D:8      | Found a staircase to the Lair.
  8196 | D:8      | Offered knowledge of Searing Ray by Vehumet.
  8207 | D:8      | Reached skill level 11 in Earth Magic
  8408 | D:9      | Reached ** piety under Vehumet
  9028 | D:10     | Entered Level 10 of the Dungeon
  9049 | D:10     | Noticed Snorg
  9057 | D:10     | Killed Snorg
  9058 | D:10     | Reached skill level 10 in Spellcasting
  9087 | D:10     | Noticed a two-headed ogre
  9093 | D:10     | HP: 1/50 [two-headed ogre/+0 giant club (16)]
  9094 | D:10     | Mangled by a two-headed ogre

Illustrated notes

Levels and vault maps discovered:
D:1:      dpeg_arrival_erosion, layout_basic
D:2:      layout_basic, serial_shops, shop_statue, uniq_robin, uniq_jessica
D:3:      layout_loops_corners, nicolae_sif_muna_condensation,
          gup_sewer_entry_pipe
D:4:      layout_basic
D:5:      layout_loops_ring, elyvilon_altar_4, grunt_temple_overflow_open,
          grunt_dithmenos_shadows, serial_co_window_serial, co_window_corner_a,
          co_window_paths_a, co_window_paths_a, co_window_corner_a,
          co_window_corner_a, co_window_of_opportunity_b, co_window_broadway_a,
          co_window_corner_b, co_window_broadway_a, co_window_unsneaky_path_a,
          roderic_roman_lattice, nicolae_grassy_gnolls
D:6:      layout_basic, nicolae_qazlal_scattered_showers,
          minmay_temple_entry_sparse_star, serial_shops,
          nicolae_shop_window_shopping, kennysheep_little_box
D:7:      layout_basic, fedhas_altar_1, serial_shops, shop_fountains,
          nicolae_take_the_stairs
D:8:      layout_basic, lair_entry_dummy, kennysheep_small_circle
D:9:      layout_long_grid, amcnicky_mini_rare_corridor_liquid
D:10:     wad_cavern_with_rooms, layout_rooms, uniq_lodul, uniq_snorg
Temple:   jpeg_temple_clearing

Skill      XL: |  1  2  3  4  5  6  7  8  9 10 |
---------------+-------------------------------+-----
Conjurations   | 1 2 3 4 5 6 7 |  7.9
Earth Magic    | 4 5 6 7 8 10 11 | 11.8
Transmutations | 2 3 4 5 7 8 |  8.0
Spellcasting   | 4 5 6 7 9 10 | 10.1
Dodging        | |  2.4
Stealth        | |  2.4

Action                   |  1- 3 |  4- 6 |  7- 9 | 10-12 || total
-------------------------+-------+-------+-------+-------++-------
Melee: Short sword       |       |     1 |       |       ||     1
       Battleaxe         |       |       |    21 |       ||    21
       Falchion          |       |       |     4 |       ||     4
 Cast: Sandblast         |    26 |   102 |   174 |    53 ||   355
       Passwall          |       |       |     8 |     1 ||     9
       Leda's Liquefacti |       |       |     1 |       ||     1
  Use: Potion            |       |     1 |    10 |     5 ||    16
       Scroll            |       |       |     9 |     1 ||    10
Armor: Robe              |     1 |    14 |     9 |     6 ||    30
Dodge: Dodged            |     3 |    27 |    50 |    11 ||    91
